 Dungeon Crawl Stone Soup version 0.30.0-3-ga4e48a9924 (webtiles) character file.

Game seed: 16927998175997963932

336 cheesebisquit the Skirmisher (level 6, 50/50 HPs)
             Began as a Minotaur Hunter on May 7, 2023.
             Was an Initiate of Cheibriados.
             Quit the game on level 5 of the Dungeon.
             The game lasted 00:10:02 (2741 turns).

cheesebisquit the Skirmisher (Minotaur Hunter)      Turns: 2741, Time: 00:10:03

Health: 50/50      AC:  7    Str: 17    XL:     6   Next: 28%
Magic:  5/5        EV: 12    Int:  7    God:    Cheibriados [......]
Gold:   317        SH:  0    Dex: 16    Spells: 5/5 levels left

rFire   + . .        a - +0 shortbow
rCold   . . .        (shield currently unavailable)
rNeg    . . .        C - +1 leather armour {rF+}
rPois   .            (helmet restricted)
rElec   .            (no cloak)
rCorr   .            y - +2 pair of gloves
SInv    +            (no boots)
Will    .....        r - amulet of regeneration
Stlth   +            s - ring of flight
HPRegen 1.08/turn    v - ring of see invisible
MPRegen 0.09/turn

%: no passive effects
@: flying, very slow
A: horns 2, retaliatory headbutt
a: Renounce Religion


You were on level 5 of the Dungeon.
You worshipped Cheibriados.
Cheibriados was noncommittal.
You visited 1 branch of the dungeon, and saw 5 of its levels.

You collected 317 gold pieces.

Inventory:

Hand Weapons
 a - a +0 shortbow (weapon)
Missiles
 l - 2 poisoned darts
 t - 2 throwing nets
Armour
 y - a +2 pair of gloves (worn)
 C - a +1 leather armour of fire resistance (worn)
Jewellery
 r - an amulet of regeneration (around neck)
 s - a ring of flight (left hand)
 v - a ring of see invisible (right hand)
 x - a +6 ring of intelligence
 z - a ring of willpower
Wands
 c - a wand of roots (9)
Scrolls
 b - 4 scrolls of immolation
 d - 2 scrolls of teleportation
 f - a scroll of blinking {unknown}
 g - 3 scrolls of amnesia
 i - a scroll of vulnerability {unknown}
 m - a scroll of enchant armour {unknown}
 o - 4 scrolls of identify {unknown}
 p - a scroll of poison {unknown}
 q - 3 scrolls of fog {unknown}
 A - a scroll of magic mapping {unknown}
 B - a scroll of brand weapon {unknown}
Potions
 e - a potion of curing {unknown}
 h - 2 potions of attraction {unknown}
 j - a potion of might {unknown}
 k - a potion of lignification {unknown}
 n - a potion of degeneration {unknown}
 u - a potion of mutation {unknown}
 w - a potion of berserk rage {unknown}


   Skills:
 - Level 2.4 Fighting
 + Level 8.4 Ranged Weapons
 - Level 2.1 Dodging
 - Level 0.7 Stealth


You had 5 spell levels left.
You didn't know any spells.
Your spell library contained the following spells:

 Spells                   Type           Power      Damage    Failure   Level
 Stone Arrow              Conj/Erth      0%         3d7       86%         3
 Animate Armour           Summ/Erth      0%         N/A       99%         4
 Lehudib's Crystal Spear  Conj/Erth      0%         10d2      100%        8


Dungeon Overview and Level Annotations

Branches:
Dungeon (5/15)
 Temple: D:4-7

Altars:
Cheibriados
Elyvilon
Kikubaaqudgha
Nemelex Xobeh
Qazlal
Ru
Sif Muna
Uskayaw
The Shining One

Annotations:
D:4 1 runed translucent door, Inkenn's ghost, amateur GnAE


Innate Abilities, Weirdness & Mutations

You have a pair of horns on your head.
You reflexively headbutt those who attack you in melee.


Message History

You shoot an arrow. The arrow barely misses the worm.
You shoot an arrow. The arrow barely misses the worm.
You shoot an arrow. The arrow hits the worm.
The worm is almost dead.
You shoot an arrow. The arrow hits the worm.
The worm is almost dead.
You shoot an arrow. The arrow hits the worm.
You kill the worm!
No target in view!
You reach down and open the door.
There is an open door here.
You now have 282 gold pieces (gained 6).
You reach down and open the door.
There is an open door here.
You hear the slow rusting of a very distant drain.
Found a stone staircase leading up.
You now have 291 gold pieces (gained 9).
You now have 306 gold pieces (gained 15).
You reach down and open the door.
There is an open door here.
You hear the slow rusting of a very distant drain.
Found a stone staircase leading down.
Search for what [? for help]? chei
Found 11 gold pieces.
Found a stone staircase leading down.
There is a snail-covered altar of Cheibriados here.
You hover solemnly before the altar of Cheibriados.
Cheibriados welcomes you!
Cheibriados begins to support your attributes as your movement slows.
Cheibriados is now slowing the effects of poison on you.
You now have 317 gold pieces (gained 11).
You hear the slow rusting of a very distant drain.
An adder comes into view.
An adder is nearby!
You shoot an arrow. The arrow hits the adder!
The adder is severely wounded.
You shoot an arrow. The arrow closely misses the adder.
The adder misses you.
You shoot an arrow. The arrow closely misses the adder.
The adder closely misses you.
Are you sure you want to abandon this character and quit the game? (Confirm with "yes".)

#..##...#'############...#
#####.....# #..###..######
#.....# #.......##..###
####.....###........>....#
#........................#
##........................#
#......_......####.###.####
..............####.###.######
.>............S@............#
..###.....###...............#
. #.....# #.##.......##..##
#.....###.##############
###.......# #########


You could see an adder.

Vanquished Creatures
  A scorpion (D:4)
  An orc priest (D:4)
  A hound (D:4)
  Jessica (D:3)
  An iguana (D:4)
  Robin (D:1)
  4 adders
  6 worms
  2 dart slugs
  6 orcs
  14 endoplasms
  2 giant cockroaches
  11 goblins
  11 hobgoblins
  2 jackals (D:2)
  8 kobolds
  2 quokkas
  4 ball pythons
  7 bats
  4 frilled lizards
  11 rats
100 creatures vanquished.

Notes
Turn   | Place    | Note
-------+----------+-------------------------------------------
     0 | D:1      | cheesebisquit the Minotaur Hunter began the quest for the
                  | Orb.
     0 | D:1      | Reached XP level 1. HP: 18/18 MP: 0/0
    58 | D:1      | Reached XP level 2. HP: 25/25 MP: 1/1
    76 | D:1      | Reached skill level 5 in Ranged Weapons
   606 | D:2      | Reached XP level 3. HP: 27/30 MP: 2/2
   632 | D:2      | Noticed Robin
   666 | D:1      | Killed Robin
   723 | D:2      | Reached skill level 6 in Ranged Weapons
   775 | D:2      | Reached XP level 4. HP: 37/37 MP: 3/3
  1285 | D:3      | Noticed Jessica
  1290 | D:3      | Killed Jessica
  1613 | D:3      | Reached skill level 7 in Ranged Weapons
  1613 | D:3      | Reached XP level 5. HP: 42/42 MP: 4/4
  1918 | D:4      | Found a runed translucent door.
  1938 | D:4      | Noticed Inkenn's ghost (amateur GnAE)
  2287 | D:4      | Reached skill level 8 in Ranged Weapons
  2287 | D:4      | Reached XP level 6. HP: 50/50 MP: 5/5
  2416 | D:4      | Found a stormy altar of Qazlal.
  2416 | D:4      | Found a hide-covered altar of Uskayaw.
  2420 | D:4      | Found a glowing golden altar of the Shining One.
  2421 | D:4      | Found a sacrificial altar of Ru.
  2423 | D:4      | Found an ancient bone altar of Kikubaaqudgha.
  2424 | D:4      | Found a sparkling altar of Nemelex Xobeh.
  2432 | D:4      | Found a shimmering blue altar of Sif Muna.
  2435 | D:4      | Found a white marble altar of Elyvilon.
  2586 | D:5      | Entered Level 5 of the Dungeon
  2609 | D:5      | Found a snail-covered altar of Cheibriados.
  2699 | D:5      | Became a worshipper of Cheibriados the Contemplative
  2741 | D:5      | Quit the game

Illustrated notes

Levels and vault maps discovered:
D:1:      lightli_arrival_quake, layout_rooms
D:2:      layout_rooms, uniq_robin
D:3:      layout_loops_cross, minmay_joined_circles, uniq_jessica
D:4:      layout_basic, nicolae_overflow_hallway_of_the_gods,
          hellmonk_ghost_happy_afterlife, amcnicky_mini_rare_corridor_liquid
D:5:      layout_gridville, slow_altar_1, serial_shops, shop,
          portal_sewer_entry_e, nicolae_shop_vocational

Skill      XL: |  1  2  3  4  5 |
---------------+----------------+-----
Ranged Weapons | 5 6 7 8 |  8.4
Fighting       | |  2.4
Dodging        | |  2.1
Stealth        | |  0.7

Action                     |  1- 3 |  4- 6 || total
---------------------------+-------+-------++-------
   Fire: Shortbow          |   110 |   162 ||   272
    Use: Potion            |     2 |       ||     2
         Scroll            |       |     2 ||     2
 Armour: Leather armour    |    14 |    16 ||    30
  Dodge: Dodged            |    33 |    33 ||    66
